General information
- name: BNet
- type: Ladder team game (AT/RT)
- host: Battle.net
- saver: matathemyra
map: HinterlandRaid
- players: 6
- length: 72:32
- speed: Fast
- version: 1.29 W3XP
- replay type:

» download(838 KB)
Players
team 1 (loser)
Jacks_Prostata (
red | 96 APM | 6978 actions | 72:32)
6 Death Knight
3 Death Coil
3 Unholy Aura
» actions
| Assign group hotkey | 130 | |
| Basic commands | 57 | |
| Build / train | 59 | |
| Enter build submenu | 16 | |
| Enter hero's abilities submenu | 6 | |
| Give item / drop item | 4 | |
| Remove unit from queue | 1 | |
| Right click | 5369 | |
| Select / deselect | 448 | |
| Select group hotkey | 626 | |
| Use ability | 262 | |
6978 total
» units
| Acolyte | 8 | |
| Ghoul | 2 | |
| Crypt Fiend | 16 | |
| Thunder Lizard | 3 | |
| Obsidian Statue | 3 | |
32 total
» upgrades
| Creature Carapace | 3 | |
| Creature Attack | 3 | |
| Web | 1 | |
7 total
» buildings
| Graveyard | 1 | |
| Crypt | 1 | |
| Ziggurat | 5 | |
| Altar of Darkness | 1 | |
| Tomb of Relics | 1 | |
| Nerubian Tower | 1 | |
| Halls of the Dead | 3 | |
| Slaughterhouse | 1 | |
| Sacrificial Pit | 1 | |
| Necropolis | 1 | |
| Spirit Tower | 2 | |
| Black Citadel | 1 | |
19 total
» build order
00:07 Graveyard
00:14 Crypt
00:38 Ziggurat
00:57 Altar of Darkness
01:51 Tomb of Relics
02:21 Ziggurat
02:54 Nerubian Tower
05:18 Ziggurat
07:25 Halls of the Dead
07:25 Halls of the Dead
07:40 Ziggurat
10:42 Slaughterhouse
13:01 Sacrificial Pit
18:21 Necropolis
18:35 Ziggurat
20:19 Halls of the Dead
21:24 Spirit Tower
21:25 Spirit Tower
23:21 Black Citadel
» items
| Dust of Appearance | 2 | |
| Rod of Necromancy | 1 | |
| Scroll of Town Portal | 1 | |
| Boots of Speed | 1 | |
5 total
NWE_Verone (
teal | 90 APM | 6535 actions | 72:32)
7 Mountain King
3 Storm Bolt
3 Bash
1 Avatar
» actions
| Assign group hotkey | 433 | |
| Basic commands | 131 | |
| Build / train | 101 | |
| ESC pressed | 2 | |
| Enter build submenu | 31 | |
| Enter hero's abilities submenu | 7 | |
| Give item / drop item | 2 | |
| Right click | 3057 | |
| Select / deselect | 794 | |
| Select group hotkey | 1775 | |
| Use ability | 202 | |
6535 total
» units
| Peasant | 13 | |
| Footman | 3 | |
| Rifleman | 9 | |
| Mortar Team | 23 | |
48 total
» upgrades
| Gunpowder | 2 | |
| Masonry | 3 | |
| Lumber Harvesting | 2 | |
| Long Rifles | 1 | |
| Armor | 3 | |
| Fragmentation Shards | 1 | |
| Flare | 1 | |
13 total
» buildings
| Altar of Kings | 1 | |
| Farm | 12 | |
| Barracks | 1 | |
| Scout Tower | 16 | |
| Arcane Tower | 1 | |
| Blacksmith | 1 | |
| Lumber Mill | 1 | |
| Keep | 1 | |
| Guard Tower | 14 | |
| Town Hall | 1 | |
| Workshop | 1 | |
| Castle | 1 | |
| Arcane Vault | 1 | |
52 total
» build order
00:04 Altar of Kings
00:12 Farm
00:28 Farm
00:34 Barracks
01:25 Scout Tower
01:55 Arcane Tower
02:20 Blacksmith
02:32 Lumber Mill
02:44 Farm
03:30 Keep
03:39 Scout Tower
03:42 Scout Tower
03:46 Farm
04:23 Guard Tower
04:43 Guard Tower
05:29 Farm
05:30 Farm
06:33 Town Hall
06:42 Scout Tower
06:43 Scout Tower
06:45 Scout Tower
06:46 Scout Tower
07:24 Guard Tower
07:38 Scout Tower
07:39 Scout Tower
07:41 Scout Tower
08:00 Guard Tower
08:35 Guard Tower
08:43 Scout Tower
08:45 Scout Tower
09:01 Guard Tower
09:03 Guard Tower
09:27 Workshop
10:08 Guard Tower
10:11 Guard Tower
12:33 Castle
13:00 Arcane Vault
14:03 Guard Tower
19:30 Farm
19:33 Farm
19:34 Farm
19:34 Farm
19:35 Farm
19:35 Farm
21:30 Scout Tower
21:31 Scout Tower
21:32 Scout Tower
21:33 Scout Tower
22:44 Guard Tower
23:07 Guard Tower
24:01 Guard Tower
24:02 Guard Tower
» items
| Potion of Healing | 4 | |
| Scroll of Regeneration | 3 | |
| Scroll of Town Portal | 4 | |
| Orb of Fire | 1 | |
| Potion of Mana | 2 | |
| Lesser Clarity Potion | 1 | |
15 total
Sionme (
yellow | 99 APM | 6633 actions | 67:05)
6 Crypt Lord
3 Carrion Beetles
3 Impale
» actions
| Assign group hotkey | 69 | |
| Basic commands | 159 | |
| Build / train | 87 | |
| ESC pressed | 4 | |
| Enter build submenu | 28 | |
| Enter hero's abilities submenu | 6 | |
| Give item / drop item | 4 | |
| Remove unit from queue | 2 | |
| Right click | 4173 | |
| Select / deselect | 804 | |
| Select group hotkey | 935 | |
| Use ability | 362 | |
6633 total
» units
| Acolyte | 20 | |
| Ghoul | 5 | |
| Meatwagon | 27 | |
| Abomination | 2 | |
54 total
» upgrades
| Cannibalize | 1 | |
| Unholy Strength | 3 | |
| Disease Cloud | 1 | |
| Unholy Armor | 2 | |
| Ghoul Frenzy | 1 | |
8 total
» buildings
| Altar of Darkness | 2 | |
| Ziggurat | 6 | |
| Crypt | 1 | |
| Tomb of Relics | 1 | |
| Graveyard | 1 | |
| Nerubian Tower | 1 | |
| Halls of the Dead | 1 | |
| Black Citadel | 1 | |
| Slaughterhouse | 2 | |
| Spirit Tower | 2 | |
| Sacrificial Pit | 1 | |
| Necropolis | 3 | |
22 total
» build order
00:12 Altar of Darkness
00:14 Altar of Darkness
00:15 Ziggurat
00:47 Crypt
01:12 Tomb of Relics
01:35 Ziggurat
01:56 Graveyard
03:04 Nerubian Tower
04:15 Halls of the Dead
04:21 Ziggurat
06:38 Black Citadel
06:44 Slaughterhouse
07:30 Slaughterhouse
08:15 Spirit Tower
08:55 Ziggurat
14:05 Sacrificial Pit
19:05 Ziggurat
19:22 Ziggurat
20:33 Spirit Tower
23:47 Necropolis
29:01 Necropolis
38:31 Necropolis
» items
| Rod of Necromancy | 1 | |
| Dust of Appearance | 1 | |
| Boots of Speed | 1 | |
| Scroll of Town Portal | 1 | |
| Potion of Healing | 3 | |
| Orb of Corruption | 1 | |
| Scroll of Healing | 1 | |
| Staff of Sanctuary | 1 | |
| Staff of Teleportation | 1 | |
11 total
team 2 (winner)
iggy_the_fisk (
pink | 151 APM | 10953 actions | 72:32)
6 Mountain King
3 Storm Bolt
2 Bash
1 Avatar
5 Paladin
3 Holy Light
2 Divine Shield
4 Blood Mage
2 Banish
2 Siphon Mana
» actions
| Assign group hotkey | 299 | |
| Basic commands | 33 | |
| Build / train | 114 | |
| Enter build submenu | 54 | |
| Enter hero's abilities submenu | 17 | |
| Give item / drop item | 10 | |
| Remove unit from queue | 1 | |
| Right click | 6191 | |
| Select / deselect | 888 | |
| Select group hotkey | 2802 | |
| Use ability | 544 | |
10953 total
» units
| Peasant | 16 | |
| Dragonhawk Rider | 2 | |
| Furbolg Shaman | 1 | |
19 total
» upgrades
| Masonry | 3 | |
| Lumber Harvesting | 2 | |
| Magic Sentry | 1 | |
| Animal War Training | 1 | |
| Swords | 2 | |
| Armor | 2 | |
11 total
» buildings
| Altar of Kings | 1 | |
| Farm | 5 | |
| Scout Tower | 46 | |
| Lumber Mill | 1 | |
| Arcane Tower | 5 | |
| Guard Tower | 16 | |
| Keep | 2 | |
| Town Hall | 1 | |
| Arcane Sanctum | 1 | |
| Castle | 1 | |
| Arcane Vault | 1 | |
| Gryphon Aviary | 1 | |
| Barracks | 1 | |
| Blacksmith | 1 | |
83 total
» build order
00:06 Altar of Kings
00:09 Farm
00:40 Scout Tower
00:48 Lumber Mill
01:12 Scout Tower
01:24 Arcane Tower
01:33 Farm
01:51 Scout Tower
02:08 Guard Tower
02:30 Scout Tower
02:31 Guard Tower
02:50 Scout Tower
03:25 Scout Tower
03:26 Guard Tower
03:47 Guard Tower
03:53 Arcane Tower
03:59 Scout Tower
04:31 Keep
04:31 Keep
05:16 Town Hall
05:30 Guard Tower
05:32 Scout Tower
05:33 Scout Tower
06:31 Guard Tower
06:35 Scout Tower
06:36 Scout Tower
06:38 Scout Tower
06:52 Farm
07:24 Arcane Sanctum
07:33 Castle
07:46 Guard Tower
07:49 Scout Tower
08:01 Scout Tower
08:02 Scout Tower
08:02 Scout Tower
08:03 Scout Tower
08:07 Scout Tower
08:08 Scout Tower
09:04 Guard Tower
09:07 Scout Tower
09:11 Scout Tower
09:12 Scout Tower
09:14 Scout Tower
10:10 Arcane Vault
11:06 Scout Tower
11:06 Guard Tower
12:27 Guard Tower
12:32 Scout Tower
12:36 Scout Tower
12:40 Scout Tower
12:43 Scout Tower
12:47 Scout Tower
12:51 Scout Tower
12:55 Scout Tower
13:11 Scout Tower
13:14 Scout Tower
13:16 Guard Tower
13:20 Gryphon Aviary
13:21 Barracks
13:23 Blacksmith
13:24 Scout Tower
13:26 Scout Tower
14:05 Arcane Tower
14:56 Scout Tower
14:57 Scout Tower
14:59 Scout Tower
19:55 Scout Tower
19:56 Scout Tower
19:56 Scout Tower
19:57 Scout Tower
20:00 Scout Tower
20:01 Scout Tower
20:01 Guard Tower
20:05 Arcane Tower
20:05 Guard Tower
21:10 Guard Tower
21:54 Guard Tower
22:05 Scout Tower
22:05 Scout Tower
23:07 Farm
23:19 Arcane Tower
23:20 Guard Tower
24:40 Farm
» items
| Boots of Speed | 3 | |
| Circlet of Nobility | 2 | |
| Staff of Teleportation | 3 | |
| Healing Salve | 8 | |
| Orb of Lightning | 3 | |
| Lesser Clarity Potion | 14 | |
| Staff of Sanctuary | 3 | |
| Periapt of Vitality | 2 | |
| Scroll of Regeneration | 3 | |
41 total
matathemyra (
orange | 137 APM | 9917 actions | 72:32)
5 Archmage
3 Blizzard
2 Brilliance Aura
4 Paladin
2 Holy Light
2 Divine Shield
» actions
| Assign group hotkey | 1021 | |
| Basic commands | 9 | |
| Build / train | 134 | |
| Enter build submenu | 63 | |
| Enter hero's abilities submenu | 10 | |
| Give item / drop item | 3 | |
| Right click | 5732 | |
| Select / deselect | 1444 | |
| Select group hotkey | 962 | |
| Use ability | 537 | |
9917 total
» units
» upgrades
| Masonry | 3 | |
| Lumber Harvesting | 2 | |
| Magic Sentry | 1 | |
6 total
» buildings
| Altar of Kings | 1 | |
| Farm | 4 | |
| Lumber Mill | 2 | |
| Scout Tower | 61 | |
| Arcane Tower | 6 | |
| Guard Tower | 61 | |
| Town Hall | 1 | |
| Keep | 2 | |
| Castle | 1 | |
| Arcane Vault | 1 | |
| Gryphon Aviary | 1 | |
| Arcane Sanctum | 1 | |
142 total
» build order
00:06 Altar of Kings
00:22 Farm
00:33 Lumber Mill
01:11 Scout Tower
01:25 Scout Tower
01:38 Arcane Tower
01:38 Arcane Tower
01:44 Scout Tower
01:55 Guard Tower
01:55 Guard Tower
01:57 Scout Tower
02:11 Farm
02:21 Guard Tower
02:21 Guard Tower
02:43 Guard Tower
02:52 Scout Tower
02:54 Scout Tower
03:24 Guard Tower
03:24 Guard Tower
03:25 Scout Tower
03:28 Scout Tower
03:48 Scout Tower
03:51 Guard Tower
03:52 Guard Tower
04:00 Scout Tower
04:00 Guard Tower
04:01 Guard Tower
04:06 Scout Tower
04:24 Guard Tower
04:24 Guard Tower
04:27 Guard Tower
04:27 Guard Tower
04:41 Scout Tower
04:52 Guard Tower
04:52 Guard Tower
04:56 Scout Tower
05:01 Farm
05:35 Town Hall
05:38 Guard Tower
05:38 Guard Tower
05:43 Guard Tower
05:44 Guard Tower
06:23 Scout Tower
06:24 Scout Tower
06:57 Guard Tower
06:57 Guard Tower
06:59 Scout Tower
07:00 Scout Tower
07:01 Scout Tower
07:01 Scout Tower
07:21 Keep
07:21 Keep
07:50 Guard Tower
07:50 Guard Tower
08:13 Guard Tower
08:13 Guard Tower
08:13 Guard Tower
08:33 Scout Tower
08:35 Scout Tower
09:01 Guard Tower
09:01 Guard Tower
09:06 Farm
09:09 Guard Tower
09:09 Guard Tower
09:19 Scout Tower
10:01 Castle
10:02 Lumber Mill
10:17 Arcane Vault
10:23 Guard Tower
10:58 Scout Tower
11:16 Gryphon Aviary
11:26 Guard Tower
11:26 Guard Tower
11:29 Scout Tower
12:17 Guard Tower
12:17 Guard Tower
12:47 Arcane Sanctum
15:53 Scout Tower
15:54 Scout Tower
16:06 Scout Tower
16:06 Scout Tower
16:07 Scout Tower
16:20 Scout Tower
16:20 Scout Tower
16:21 Scout Tower
16:22 Guard Tower
16:22 Guard Tower
16:23 Scout Tower
16:24 Scout Tower
16:28 Guard Tower
16:28 Guard Tower
16:31 Scout Tower
16:31 Scout Tower
16:33 Scout Tower
17:53 Guard Tower
17:53 Guard Tower
17:53 Guard Tower
17:56 Scout Tower
17:56 Scout Tower
17:56 Scout Tower
17:57 Scout Tower
17:57 Scout Tower
17:57 Scout Tower
17:57 Scout Tower
18:26 Guard Tower
18:26 Guard Tower
18:33 Guard Tower
18:33 Guard Tower
18:38 Scout Tower
18:39 Scout Tower
18:40 Scout Tower
18:40 Scout Tower
18:42 Scout Tower
18:43 Guard Tower
18:43 Guard Tower
18:53 Guard Tower
18:53 Guard Tower
18:54 Scout Tower
18:56 Scout Tower
18:58 Scout Tower
19:01 Scout Tower
19:02 Scout Tower
19:11 Guard Tower
19:11 Guard Tower
19:30 Guard Tower
20:21 Guard Tower
20:57 Scout Tower
20:58 Scout Tower
21:36 Guard Tower
21:36 Guard Tower
30:55 Scout Tower
30:59 Scout Tower
31:02 Scout Tower
31:38 Arcane Tower
31:38 Arcane Tower
31:39 Guard Tower
31:39 Guard Tower
31:42 Scout Tower
33:07 Guard Tower
52:31 Scout Tower
53:22 Arcane Tower
53:22 Arcane Tower
» items
| Healing Salve | 8 | |
| Lesser Clarity Potion | 2 | |
| Orb of Lightning | 2 | |
| Periapt of Vitality | 1 | |
| Staff of Teleportation | 1 | |
| Potion of Healing | 1 | |
| Staff of Sanctuary | 2 | |
17 total
timg4strok (
green | 114 APM | 8279 actions | 72:32)
7 Blademaster
3 Wind Walk
3 Critical Strike
1 Bladestorm
» actions
| Assign group hotkey | 22 | |
| Basic commands | 29 | |
| Build / train | 72 | |
| Enter build submenu | 63 | |
| Enter hero's abilities submenu | 7 | |
| Right click | 6356 | |
| Select / deselect | 371 | |
| Select group hotkey | 933 | |
| Use ability | 426 | |
8279 total
» units
» upgrades
| Reinforced Defenses | 1 | |
| Liquid Fire | 1 | |
| Ranged Weapons | 1 | |
3 total
» buildings
| Altar of Storms | 1 | |
| Orc Burrow | 4 | |
| War Mill | 1 | |
| Voodoo Lounge | 4 | |
| Watch Tower | 46 | |
| Stronghold | 1 | |
| Fortress | 1 | |
| Beastiary | 2 | |
| Great Hall | 1 | |
61 total
» build order
00:03 Altar of Storms
00:17 Orc Burrow
00:40 War Mill
01:28 Voodoo Lounge
01:46 Voodoo Lounge
02:16 Orc Burrow
03:16 Watch Tower
03:17 Watch Tower
03:26 Watch Tower
03:40 Stronghold
04:35 Watch Tower
04:49 Watch Tower
06:06 Fortress
06:11 Watch Tower
06:13 Beastiary
06:13 Beastiary
06:20 Watch Tower
06:21 Watch Tower
06:45 Orc Burrow
07:35 Watch Tower
07:37 Watch Tower
08:54 Watch Tower
09:02 Watch Tower
10:11 Watch Tower
10:17 Watch Tower
10:58 Orc Burrow
11:29 Watch Tower
11:37 Watch Tower
12:36 Watch Tower
12:46 Watch Tower
13:38 Great Hall
13:45 Watch Tower
14:02 Watch Tower
14:50 Watch Tower
15:16 Watch Tower
16:02 Watch Tower
16:23 Watch Tower
16:23 Watch Tower
16:24 Watch Tower
16:25 Watch Tower
17:02 Watch Tower
17:11 Watch Tower
18:27 Watch Tower
19:03 Watch Tower
20:13 Watch Tower
20:17 Watch Tower
20:21 Watch Tower
20:21 Watch Tower
21:18 Voodoo Lounge
21:24 Watch Tower
22:43 Watch Tower
23:16 Watch Tower
25:29 Watch Tower
26:36 Watch Tower
30:57 Watch Tower
30:58 Watch Tower
30:58 Watch Tower
30:59 Watch Tower
33:04 Watch Tower
35:31 Watch Tower
56:20 Voodoo Lounge
» items
| Healing Salve | 8 | |
| Lesser Clarity Potion | 17 | |
| Boots of Speed | 1 | |
| Staff of Teleportation | 2 | |
| Orb of Lightning | 1 | |
| Potion of Healing | 2 | |
| Potion of Mana | 1 | |
32 total
Chat log
(24:34 / All) timg4strok: you can click on me.
(45:57 / All) NWE_Verone: hihi
(66:00 / All) timg4strok: gg
(66:34 / All) iggy_the_fisk: gg noobs
(66:37 / All) timg4strok: one sec
(67:02 / All) Sionme: gg